 Dungeon Crawl Stone Soup version 0.30.1-9-gdf580d7c3d (webtiles) character file.

Game seed: 12985537908883809494

263 lonewolfV2 the Chopper (level 6, -8/48 HPs)
             Began as a Formicid Fighter on Sept 27, 2023.
             Killed from afar by Grinder (11 damage)
             ... with a puff of flame
             ... on level 3 of the Dungeon.
             The game lasted 00:03:57 (2004 turns).

lonewolfV2 the Chopper (Formicid Fighter)           Turns: 2004, Time: 00:03:57

Health: -8/48      AC:  7    Str: 20    XL:     6   Next: 42%
Magic:  6/6        EV:  9    Int:  8    God:
Gold:   41         SH:  5    Dex: 15    Spells: 5/5 levels left

rFire   . . .        a - +0 war axe
rCold   . . .        c - +0 buckler
rNeg    . . .        b - +0 scale mail
rPois   .            (helmet unavailable)
rElec   .            (no cloak)
rCorr   .            (no gloves)
SInv    +            (no boots)
Will    .....        (no amulet) Stlth
                     (no ring)
HPRegen 0.28/turn    (no ring)
MPRegen 0.10/turn

%: no passive effects
@: weak-willed
A: permanent stasis, dig shafts and tunnels, antennae 3, four strong arms
a: Dig, Shaft Self


You were on level 3 of the Dungeon.
You visited 1 branch of the dungeon, and saw 3 of its levels.

You collected 41 gold pieces.

Inventory:

Hand Weapons
 a - a +0 war axe (weapon)
Armour
 b - a +0 scale mail (worn)
 c - a +0 buckler (worn)
Wands
 k - a wand of flame (10)
Scrolls
 j - a scroll of noise
Potions
 d - a potion of mutation {unknown}
 e - a potion of attraction
 f - 3 potions of curing
 h - a potion of ambrosia {unknown}


   Skills:
 + Level 4.1 Fighting
 + Level 4.7 Axes
 + Level 4.2 Armour
 + Level 0.8 Dodging
 + Level 4.6 Shields


You had 5 spell levels left.
You didn't know any spells.
Your spell library contained the following spells:

 Spells                   Type           Power      Damage    Failure   Level
 Freeze                   Ice            0%         1d3       83%         1
 Frozen Ramparts          Ice            0%         1d1       99%         3
 Hailstorm                Conj/Ice       0%         3d3       99%         3


Dungeon Overview and Level Annotations

Branches:
Dungeon (3/15)

Altars:

Annotations:
D:3 Grinder


Innate Abilities, Weirdness & Mutations

You cannot be hasted, slowed, berserked, paralysed or teleported.
You can dig through walls and to a lower floor.
You have a pair of large antennae on your head. (SInv)
Your four strong arms can wield two-handed weapons with a shield.


Message History

Found 8 stones.
Grinder comes into view.
She is carrying a wand of flame (30).
Found a whip.
Grinder is nearby!
You closely miss Grinder.
Grinder blinks!
Found an escape hatch in the ceiling.
Grinder gestures at you. Pain shoots through your body!
Grinder gestures at you. You resist with significant effort.
You hit Grinder.
Grinder is lightly wounded.
Grinder hits you.
You writhe in agony.
You hit Grinder.
Grinder is lightly wounded.
Grinder hits you but does no damage. Grinder hits you!
You writhe in agony.
You hit Grinder but do no damage.
Grinder is lightly wounded.
Grinder hits you.
You hit Grinder.
Grinder is lightly wounded.
Grinder gestures at you. Pain shoots through your body!
* * * LOW HITPOINT WARNING * * *
You closely miss Grinder.
Grinder is lightly wounded.
Grinder zaps a wand.
The puff of flame hits you.
* * * LOW HITPOINT WARNING * * *
You closely miss Grinder.
Grinder is lightly wounded.
Grinder barely misses you.
Grinder blinks!
You feel better. Grinder gestures at you.
Your stasis prevents you from being paralysed.
Grinder gestures at you. Pain shoots through your body!
* * * LOW HITPOINT WARNING * * *
There is a stone staircase leading up here.
Grinder zaps a wand.
The puff of flame hits you!
You die...

##### ##...##
##.....##
###.......#
..........#####
#....@.......
##........###
#####....###.###
...5......(.....
.####...####.###
#....# .....#.#
###... .# #...
.#


You could see Grinder.

Vanquished Creatures
  Sigmund (D:2)
  Crazy Yiuf (D:2)
  Robin (D:2)
  An adder (D:2)
  A dart slug (D:1)
  9 endoplasms
  3 giant cockroaches
  9 goblins
  11 hobgoblins
  3 quokkas
  2 ball pythons
  2 bats
  2 frilled lizards
  7 kobolds
  4 rats
57 creatures vanquished.

Notes
Turn   | Place    | Note
-------+----------+-------------------------------------------
     0 | D:1      | lonewolfV2 the Formicid Fighter began the quest for the
                  | Orb.
     0 | D:1      | Reached XP level 1. HP: 18/18 MP: 1/1
    69 | D:1      | Reached XP level 2. HP: 24/24 MP: 2/2
   122 | D:1      | Found a faded altar of an unknown god.
   342 | D:1      | Reached XP level 3. HP: 28/29 MP: 3/3
   802 | D:2      | Found a runed translucent door.
   803 | D:2      | Noticed Crazy Yiuf
  1030 | D:2      | Noticed Robin
  1037 | D:2      | Reached XP level 4. HP: 37/37 MP: 4/4
  1052 | D:2      | Killed Robin
  1365 | D:2      | Noticed Sigmund
  1377 | D:2      | Killed Sigmund
  1378 | D:2      | Reached XP level 5. HP: 35/42 MP: 5/5
  1378 | D:2      | Reached XP level 6. HP: 40/48 MP: 6/6
  1715 | D:2      | Killed Crazy Yiuf
  1989 | D:3      | Noticed Grinder
  2004 | D:3      | Killed from afar by Grinder

Illustrated notes

Levels and vault maps discovered:
D:1:      dpeg_arrival_three_same_balls, layout_basic,
          shapermc_ecumenical_altar_mp_highgroup, palyth_stone_intersect
D:2:      layout_loops_ring, uniq_robin, uniq_sigmund, uniq_crazy_yiuf_cottage
D:3:      cheibrodos_greedy_goblins, layout_loops_ring,
          gammafunk_temple_overflow_claw, makhleb_altar_promises_db,
          ebering_ghost_inner_flame, minmay_starry_boxes, uniq_grinder

Skill      XL: |  1  2  3  4 |
---------------+-------------+-----
Axes           | 4 |  4.7
Fighting       | 4 |  4.1
Armour         | 4 |  4.2
Dodging        | |  0.8
Shields        | |  4.6

Action                     |  1- 3 |  4- 6 || total
---------------------------+-------+-------++-------
  Melee: War axe           |    67 |    60 ||   127
    Use: Scroll            |     2 |     3 ||     5
         Potion            |       |     2 ||     2
 Armour: Scale mail        |    23 |    25 ||    48
  Dodge: Dodged            |    32 |    25 ||    57
  Block: Buckler           |    15 |    11 ||    26
